 Dungeon Crawl Stone Soup version 0.21.1-1-g345015fe64 (webtiles) character file.

17306 Kohma the Cleaver (level 12, -2/258 HPs)
             Began as a Deep Dwarf Fighter on June 20, 2018.
             Was a Priest of Makhleb.
             Slain by an 18-headed hydra (8 damage)
             ... on level 2 of the Lair of Beasts.
             The game lasted 00:55:12 (12140 turns).

Kohma the Cleaver (Deep Dwarf Fighter)             Turns: 12140, Time: 00:55:13

Health: -2/258     AC: 26    Str: 30    XL:     12   Next: 17%
Magic:  0/0        EV:  2    Int: 11    God:    Makhleb [***...]
Gold:   1065       SH: 19    Dex: 14    Spells: 11/11 levels left

rFire    . . .     SeeInvis .   x - +4 hand axe (chop)
rCold    . . .     Gourm    .   c - +0 shield
rNeg     + + +     Faith    .   (armour currently unavailable)
rPois    +         Spirit   .   (helmet currently unavailable)
rElec    .         Reflect  +   (cloak currently unavailable)
rCorr    .         Harm     .   (gloves currently unavailable)
MR       ++...     NoTele   +   (boots currently unavailable)
Stlth    ..........             P - +6 amulet of reflection
HPRegen  0.00/turn              A - ring of protection from magic
MPRegen  0.07/turn              y - +4 ring of strength

@: berserking, tree-form, non-regenerating, very quick
A: damage resistance, heal wounds, sense surroundings 2, no regeneration
a: Heal Wounds, Minor Destruction, Lesser Servant of Makhleb, Renounce Religion


You were on level 2 of the Lair of Beasts.
You worshipped Makhleb.
Makhleb was most pleased with you.
You were not hungry.
You were a tree.
You visited 4 branches of the dungeon, and saw 15 of its levels.
You also visited: Bailey.

You collected 1065 gold pieces.

Inventory:

Hand Weapons
 x - a +4 hand axe of chopping (weapon)
 K - a +0 hand crossbow
Missiles
 e - 115 bolts
 m - 3 throwing nets (quivered)
 t - 12 javelins
 E - 3 steel tomahawks
 I - 33 tomahawks of returning
Armour
 c - a +0 shield (worn)
 i - a +2 scale mail of fire resistance
 q - a +2 helmet (melded)
 u - +0 steam dragon scales
 B - the +5 scale mail of a bazaar (melded) {rPois rCorr}
   (You found it on level 8 of the Dungeon)

   It protects you from poison.
   It protects you from acid and corrosion.
 D - a +0 pair of gloves (melded)
Jewellery
 w - an uncursed ring of positive energy
 y - a +4 ring of strength (right branch)
 A - a ring of protection from magic (left branch)
 P - a +6 amulet of reflection (around neck)
Wands
 z - a wand of random effects (24)
 C - a wand of digging (13)
 L - a wand of polymorph (10)
 O - a wand of clouds (4)
Scrolls
 a - 4 scrolls of remove curse
 h - 4 scrolls of teleportation
 j - 3 scrolls of fear
 n - a scroll of amnesia
 F - a scroll of identify
 G - a scroll of enchant weapon
 H - 2 scrolls of magic mapping
 N - a scroll of enchant armour
Potions
 d - 2 potions of might
 g - 4 potions of brilliance
 k - 5 potions of haste
 l - a potion of invisibility
 o - 3 potions of agility
 p - 3 potions of lignification
 s - 3 potions of curing
 v - 5 potions of flight
Books
 r - a book of Misfortune

   Spells                             Type                      Level
   a - Confusing Touch                Hexes                        1
   b - Confuse                        Hexes                        3
   c - Gell's Gravitas                Translocation                3
   d - Petrify                        Transmutation/Earth          4
   e - Metabolic Englaciation         Hexes/Ice                    5
   f - Yara's Violent Unravelling     Hexes/Transmutation          5
Miscellaneous
 J - a lamp of fire (inert)
Comestibles
 f - 18 rations


   Skills:
 + Level 9.4 Fighting
 - Level 14.0 Axes
 - Level 3.2 Armour
 + Level 11.0 Shields
 + Level 5.2 Invocations
 - Level 7.0 Evocations


You had 11 spell levels left.
You didn't know any spells.

Dungeon Overview and Level Annotations

Branches:
Dungeon (11/15)            Temple (1/1) D:6            Lair (2/6) D:9
    Orc (1/2) D:10
  Swamp: Lair:2-4    Shoals: Lair:2-4     Snake: Lair:2-4    Spider: Lair:2-4

Altars:
Ashenzari
Cheibriados
Dithmenos
Elyvilon
Fedhas
Gozag
Hepliaklqana
Kikubaaqudgha
Makhleb
Nemelex Xobeh
Okawaru
Qazlal
Ru
Sif Muna
Trog
Uskayaw
Vehumet
Wu Jian
Xom
Yredelemnul
Zin
The Shining One

Shops:
D:6 (   D:7 [

Annotations:
D:10 1 transporter
D:11 2 runed doors
Lair:2 Gastronok


Innate Abilities, Weirdness & Mutations

You are resistant to damage.
You can heal yourself by infusing magical energy.
You passively map the area around you.
You do not regenerate.


Message History

The 17-headed hydra is heavily wounded.
You hit the plant but do no damage.
You are too berserk!
You are too berserk!
You are too berserk!
You are too berserk!
You hack one of the 17-headed hydra's heads off!
The 16-headed hydra grows two more!
You slash the 18-headed hydra!
The 18-headed hydra is heavily wounded.
You slash the plant!
The 18-headed hydra bites you but does no damage.
You block the 18-headed hydra's attack.
The 18-headed hydra bites you but does no damage.
You block the 18-headed hydra's attack. x4
The 18-headed hydra bites you but does no damage.
You block the 18-headed hydra's attack.
The 18-headed hydra bites you but does no damage.
You block the 18-headed hydra's attack. The 18-headed hydra barely misses you.
The 18-headed hydra bites you!
You die...

#......####.......#........
##......##.#.....P#.........
#...>...###.....P##.........
#.......##.....####.........
##.......##.....# #.........
#.........#....## #.........
###............# #........#
#............#####........#
#.........♣D....P##P#....##
#####...#P........####.####
##..#####...........####.
#...# #..............###
#.P## ##..P.............
#.## #...P####........ ###
##..## ###...... #.#..#
##..##.... ##.#.###....#####


You could see a 18-headed hydra.

Vanquished Creatures
  2 two-headed ogres
  The ghost of Artool the Skirmisher, a novice DsGl of Hepliaklqana (D:7)
  4 orc knights
  2 ugly things (D:11)
  4 centaur skeletons
  A black mamba (Lair:2)
  3 spiny frogs
  A gargoyle (D:11)
  2 komodo dragons
  A merfolk (D:10)
  A polar bear (D:8)
  A troll (D:10)
  Prince Ribbit (D:9)
  4 hippogriffs
  A slime creature (D:7)
  12 yaks
  2 basilisks
  2 hungry ghosts
  The ghost of Artool the Cudgeler, an amateur DsGl of Uskayaw (D:4)
  Menkaure (D:6)
  A steam dragon (D:9)
  5 water moccasins
  2 porcupines
  11 orc warriors
  A sky beast (D:9)
  A phantom (D:4)
  2 black bears (D:7)
  An ice beast (D:7)
  2 necrophages
  An eye of draining (D:8)
  7 ogres
  The ghost of Morteh the Skirmisher, an amateur GrFi (D:3)
  A big kobold (D:11)
  2 wyvern zombies
  6 bullfrogs
  A water moccasin zombie (D:9)
  A scorpion (D:3)
  A wyvern skeleton (D:10)
  A water moccasin skeleton (D:7)
  9 killer bees
  A howler monkey (D:6)
  An electric eel (D:8)
  4 crimson imps
  A bullfrog zombie (D:5)
  A centaur zombie (D:11)
  8 jellies
  A quasit (D:6)
  3 bullfrog skeletons
  3 hounds
  6 orc priests
  9 orc wizards
  2 iguanas
  11 worker ants
  2 hound zombies
  2 hound skeletons
  4 worker ant zombies
  9 adders
  8 gnolls
  A hound simulacrum (D:8)
  2 shadow imps (D:5)
  A white imp (D:8)
  14 oozes
  4 worms
  2 dart slugs
  4 leopard geckos
  67 orcs
  5 bats
  4 giant cockroaches
  11 goblins
  12 hobgoblins
  3 jackals (D:7)
  29 kobolds
  6 quokkas
  4 frilled lizards
  A leopard gecko skeleton (D:4)
  A quokka skeleton (D:4)
  6 rats
357 creatures vanquished.

Vanquished Creatures (others)
  9 fungi
  A plant (Lair:2)
10 creatures vanquished.

Grand Total: 367 creatures vanquished

Notes
Turn   | Place    | Note
-------+----------+-------------------------------------------
     0 | D:1      | Kohma the Deep Dwarf Fighter began the quest for the Orb.
     0 | D:1      | Reached XP level 1. HP: 20/20 MP: 1/1
   125 | D:1      | Reached XP level 2. HP: 27/27 MP: 2/2
   721 | D:2      | Reached skill level 3 in Axes
   733 | D:2      | Found a deep blue altar of Sif Muna.
   832 | D:2      | Reached XP level 3. HP: 23/34 MP: 3/3
   972 | D:2      | Reached XP level 4. HP: 19/42 MP: 4/4
  1393 | D:2      | Reached skill level 4 in Axes
  1627 | D:3      | Found a blossoming altar of Fedhas.
  1943 | D:3      | HP: 1/42 [orc priest/divine providence (10)]
  1966 | D:3      | Reached XP level 5. HP: 28/49 MP: 3/3
  1983 | D:3      | Noticed Morteh's ghost (amateur GrFi)
  2013 | D:3      | Killed Morteh's ghost
  2013 | D:3      | Reached skill level 5 in Axes
  2326 | D:3      | Reached XP level 6. HP: 13/57 MP: 4/4
  2792 | D:4      | Noticed Artool's ghost (amateur DsGl)
  2801 | D:4      | Killed Artool's ghost
  2801 | D:4      | Reached skill level 5 in Shields
  2806 | D:4      | Reached skill level 6 in Axes
  2806 | D:4      | Reached XP level 7. HP: 20/66 MP: 4/4
  3150 | D:4      | Found a basalt altar of Yredelemnul.
  3217 | D:4      | Found a white marble altar of Elyvilon.
  3725 | D:5      | Entered Level 5 of the Dungeon
  3749 | D:5      | Reached skill level 7 in Axes
  4526 | D:6      | Reached XP level 8. HP: 49/73 MP: 5/5
  4535 | D:6      | Found Yduguhopn's Weapon Boutique.
  4567 | D:6      | Reached skill level 5 in Fighting
  4592 | D:6      | Found a staircase to the Ecumenical Temple.
  4604 | Temple   | Entered the Ecumenical Temple
  4692 | D:6      | Noticed Menkaure
  4705 | D:6      | Killed Menkaure
  4742 | D:6      | Reached skill level 8 in Axes
  5346 | D:6      | Reached skill level 9 in Axes
  5698 | D:7      | Gained mutation: You passively map the area around you. [Deep Dwarf growth]
  5698 | D:7      | Reached XP level 9. HP: 46/82 MP: 6/6
  5724 | D:7      | Found an ornate altar of the Wu Jian Council.
  5745 | D:7      | Noticed Artool's ghost (novice DsGl)
  5778 | D:7      | Killed Artool's ghost
  5778 | D:7      | Reached skill level 10 in Axes
  5993 | D:7      | Found Huolie Ciova's Antique Armour Boutique.
  6518 | D:7      | Reached skill level 11 in Axes
  7004 | D:8      | Reached XP level 10. HP: 49/94 MP: 4/4
  7353 | D:8      | Got a spiked scale mail
  7364 | D:8      | Identified the +5 scale mail of a bazaar {rPois rCorr} (You found it on level 8 of the Dungeon)
  7692 | D:9      | Reached skill level 12 in Axes
  7793 | D:8      | Reached skill level 1 in Evocations
  7857 | D:9      | Found a shadowy altar of Dithmenos.
  7858 | D:9      | Found a burning altar of Makhleb.
  7864 | D:9      | Found a blossoming altar of Fedhas.
  7867 | D:9      | Became a worshipper of Makhleb the Destroyer
  7887 | D:9      | Found a shattered altar of Ashenzari.
  8080 | D:9      | Noticed Prince Ribbit
  8099 | D:9      | Killed Prince Ribbit
  8107 | D:9      | Found a staircase to the Lair.
  8298 | D:9      | Noticed a two-headed ogre
  8328 | D:9      | Killed a two-headed ogre
  8472 | D:10     | Entered Level 10 of the Dungeon
  8514 | D:10     | Found a sparkling altar of Nemelex Xobeh.
  8514 | D:10     | Found a transporter.
  8514 | D:10     | Noticed a deep elf knight
  8538 | D:10     | Reached XP level 11. HP: 74/103 MP: 4/4
  8647 | D:10     | Found a flagged portal.
  8663 | D:10     | Reached skill level 5 in Evocations
  8675 | Bailey   | Entered a bailey
  8682 | Bailey   | Noticed an orc knight
  8704 | Bailey   | Noticed an orc knight
  8728 | Bailey   | Reached * piety under Makhleb
  8866 | Bailey   | Killed an orc knight
  8866 | Bailey   | Reached skill level 13 in Axes
  8929 | Bailey   | Killed an orc knight
  8929 | Bailey   | Reached skill level 10 in Shields
  9063 | D:10     | Found a staircase to the Orcish Mines.
  9387 | D:11     | Reached ** piety under Makhleb
  9668 | D:11     | Noticed a brown ugly thing
  9682 | D:11     | Killed a brown ugly thing
  9990 | D:11     | Noticed a red ugly thing
  9993 | D:11     | Noticed a two-headed ogre
 10011 | D:11     | Killed a red ugly thing
 10011 | D:11     | Reached skill level 1 in Invocations
 10030 | D:11     | Killed a two-headed ogre
 10042 | D:11     | Noticed a skeletal warrior
 10044 | D:11     | Found a large runed door.
 10047 | D:11     | Found a large runed door.
 10105 | Orc:1    | Entered Level 1 of the Orcish Mines
 10112 | Orc:1    | Noticed an orc knight
 10153 | D:10     | Killed an orc knight
 10357 | Orc:1    | Noticed an orc knight
 10413 | D:10     | Killed an orc knight
 10542 | Orc:1    | Reached *** piety under Makhleb
 10664 | Orc:1    | Noticed an orc knight
 10669 | Orc:1    | HP: 5/104 [orc priest/divine providence[an orc knight] (9)]
 10901 | Lair:1   | Entered Level 1 of the Lair of Beasts
 10991 | Lair:1   | Reached skill level 14 in Axes
 11209 | Lair:1   | Reached XP level 12. HP: 33/114 MP: 1/1
 11625 | Lair:2   | Reached skill level 5 in Invocations
 12035 | Lair:2   | Noticed a seven-headed hydra
 12036 | Lair:2   | Noticed a seven-headed hydra
 12044 | Lair:2   | Noticed Gastronok
 12138 | Lair:2   | HP: 11/258 [16-headed hydra (5)]
 12140 | Lair:2   | Slain by an 18-headed hydra

Skill      XL: |  1  2  3  4  5  6  7  8  9 10 11 12 |
---------------+-------------------------------------+-----
Axes           | 3 4 5 6 7 9 11 12 14 | 14.0
Fighting       | 3 4 6 7 8 9 |  9.4
Shields        | 4 5 6 7 8 9 10 11 | 11.0
Evocations     | 4 7 |  7.0
Invocations    | 4 5 |  5.2
Armour         | |  3.2

Action                   |  1- 3 |  4- 6 |  7- 9 | 10-12 || total
-------------------------+-------+-------+-------+-------++-------
Melee: War axe           |   102 |   127 |   134 |       ||   363
       Hand axe          |       |       |   354 |   815 ||  1169
Throw: Throwing net      |       |       |       |     2 ||     2
 Abil: Heal Wounds       |       |     6 |    10 |    30 ||    46
Evoke: Lamp of fire      |       |       |       |     1 ||     1
  Use: Scroll            |       |     3 |    23 |    10 ||    36
       Potion            |       |       |       |     8 ||     8
 Stab: Held in net/web   |       |       |       |     1 ||     1
  Eat: Chunk             |       |     3 |    11 |    16 ||    30
       Ration            |       |     1 |     1 |     1 ||     3
Armor: Scale mail        |    57 |    47 |   153 |   219 ||   476
       Ring mail         |       |       |    15 |       ||    15
       Skin              |       |       |       |    28 ||    28
Dodge: Dodged            |    38 |    33 |   109 |   160 ||   340
Block: Shield            |    50 |    50 |   233 |   409 ||   742
